 Dungeon Crawl Stone Soup version 0.31-a0-219-g8d62b2e7bb (webtiles) character file.

Game seed: 3673598283643611462

158 qw the Chopper (level 5, 0/32 HPs)
             Began as a Gargoyle Fighter on July 3, 2023.
             Killed by divine providence
             ... invoked by an orc priest
              (11 damage)
             ... on level 3 of the Dungeon.
             The game lasted 00:01:11 (2205 turns).

qw the Chopper (Gargoyle Fighter)                   Turns: 2205, Time: 00:01:11

Health: 0/32       AC: 16    Str: 21    XL:     5   Next: 39%
Magic:  5/5        EV:  7    Int:  9    God:
Gold:   166        SH:  4    Dex:  9    Spells: 4/4 levels left

rFire   . . .        Y - +0 war axe
rCold   . . .        c - +0 buckler
rNeg    + . .        m - +0 chain mail
rPois   inf          h - +0 helmet
rElec   +            (no cloak)
rCorr   .            f - +0 pair of gloves
SInv    .            e - +0 pair of boots
Will    .....        (no amulet) Stlth
                     (no ring)
HPRegen 0.25/turn    (no ring)
MPRegen 0.09/turn

%: no passive effects
@: no status effects
A: sickness immunity, AC +4, negative energy resistance 1, electricity
resistance, torment resistance 1, petrification resistance
a: no special abilities


You were on level 3 of the Dungeon.
You visited 1 branch of the dungeon, and saw 3 of its levels.

You collected 166 gold pieces.


Innate Abilities, Weirdness & Mutations

You are immune to sickness and miasma.
Your stone body is resilient. (AC +4)
You are immune to poison.
You resist negative energy. (rN+)
You are resistant to electric shocks. (rElec)
You are resistant to unholy torment.
You are immune to petrification.


   Skills:
 - Level 3.2 Fighting
 + Level 4.9 Axes
 - Level 3.2 Armour
 - Level 3.2 Shields


You had 4 spell levels left.
You didn't know any spells.
Your spell library was empty.

Inventory:

Hand Weapons
 s - a +0 flail
 Y - a +0 war axe (weapon)
Missiles
 k - a boomerang (quivered)
Armour
 c - a +0 buckler (worn)
 e - a +0 pair of boots (worn)
 f - a +0 pair of gloves (worn)
 h - a +0 helmet (worn)
 m - a +0 chain mail (worn)
Jewellery
 g - a ring of ice
 o - an amulet of the acrobat
Scrolls
 a - 2 scrolls of blinking {unknown}
 b - a scroll of teleportation
 r - a scroll of identify {unknown}
Potions
 d - a potion of might
 i - 2 potions of curing
 j - a potion of heal wounds
 l - a potion of enlightenment {unknown}
 n - 2 potions of lignification
 p - a potion of ambrosia {unknown}
 q - a potion of degeneration {unknown}

Dungeon Overview and Level Annotations

Branches:
Dungeon (3/15)

Altars:


Message History

Enter note:
Enter note:
Enter note:
2192 ||| Stepping ~*~*~tactically~*~*~ (stealth).
The orc priest shouts!
You barely miss the orc priest. The orc priest barely misses you.
You hit the orc priest but do no damage.
The orc priest hits you but does no damage.
You completely miss the orc priest.
The orc priest calls down the wrath of Beogh upon you.
Pain shoots through your body!
The orc priest looks encouraged for a moment.
You slash the orc priest!
The orc priest is almost dead.
The orc priest hits you with a +0 short sword.
You closely miss the orc priest.
The orc priest is almost dead.
The orc priest completely misses you.
You hit the orc priest but do no damage.
The orc priest is almost dead.
The orc priest hits you with a +0 short sword.
You completely miss the orc priest.
The orc priest is almost dead.
The orc priest invokes the aid of Beogh against you.
Beogh smites you!
The orc priest hits you but does no damage.
You hit the orc priest but do no damage.
The orc priest is almost dead.
The orc priest barely misses you.
You closely miss the orc priest.
The orc priest is almost dead.
The orc priest invokes the aid of Beogh against you.
Pain shoots through your body!
You hit the orc priest but do no damage.
The orc priest is almost dead.
The orc priest completely misses you.
The orc priest calls down the wrath of Beogh upon you.
Beogh smites you!
You die...

...... ........#.## .#
# .##### ...........
#.#.. .# ........#.#
.$... .# ##........
.... .# #....
.......#.##<.## ##
#.... ......:#.#....#
#....# ##......#
####....## #.).....#
.........#####.#@..###
............##.#o..#
.#.#.#.#.##....#...#
..............#....#
.#.#.#.#..###.........
..........# ....#.#.#.
.#.#.#.#..#...........
................#.#.#..
.#.#.#.#..>...........


You could see an orc priest.

Vanquished Creatures
  2 orc priests (D:3)
  A hound (D:2)
  10 orcs (D:3)
  6 ball pythons
  4 endoplasms
  4 giant cockroaches
  2 goblins
  3 hobgoblins
  3 jackals (D:1)
  3 kobolds (D:3)
  6 quokkas
  3 bats (D:2)
  5 frilled lizards
  4 rats
56 creatures vanquished.

Notes
Turn   | Place    | Note
-------+----------+-------------------------------------------
     0 | D:1      | qw the Gargoyle Fighter began the quest for the Orb.
     0 | D:1      | Reached XP level 1. HP: 14/14 MP: 1/1
     0 | D:1      | 0 ||| qw: Version: 0.3-a-40-ge99b1a8
     0 | D:1      | 0 ||| qw: Game counter: 448
     0 | D:1      | 0 ||| qw: Melee chars always use a shield: true
     0 | D:1      | 0 ||| qw: God list: Okawaru
     0 | D:1      | 0 ||| qw: Allow faded altars: false
     0 | D:1      | 0 ||| qw: Do Orc after clearing Dungeon:15 true
     0 | D:1      | 0 ||| qw: Do second Lair branch before Depths: true
     0 | D:1      | 0 ||| qw: Lair rune preference: random
     0 | D:1      | 0 ||| qw: Goals: Normal, Zot:1-4, Slime:5, God:TSO, Crypt,
                  | Tomb, Abyss, Pan, Hells, Win
     0 | D:1      | 0 ||| PLANNING D:1-11
    63 | D:1      | Reached skill level 2 in Axes
   188 | D:1      | Reached XP level 2. HP: 12/19 MP: 2/2
   223 | D:1      | 223 ||| Stepping ~*~*~tactically~*~*~ (stealth).
   224 | D:1      | 224 ||| Stepping ~*~*~tactically~*~*~ (stealth).
   696 | D:1      | 696 ||| UPGRADING to +0 pair of boots.
   701 | D:1      | 701 ||| UPGRADING to +0 pair of gloves.
   706 | D:1      | 706 ||| UPGRADING to +0 chain mail.
   716 | D:1      | 716 ||| DROPPING +0 scale mail.
   717 | D:1      | 717 ||| READING scroll labelled DALUCK FILENOE.
   721 | D:1      | 721 ||| READING scroll labelled BYUPRA ZYCI.
   722 | D:1      | 722 ||| READING scroll labelled EZEKIWILIL.
   723 | D:1      | 723 ||| READING scroll labelled EDUSEE WASUDGH.
   724 | D:1      | 724 ||| DRINKING 2 fizzy blue potions.
   797 | D:2      | Reached skill level 3 in Axes
   797 | D:2      | Reached XP level 3. HP: 18/23 MP: 3/3
  1233 | D:2      | Reached XP level 4. HP: 28/28 MP: 4/4
  1587 | D:2      | 1587 ||| Stepping ~*~*~tactically~*~*~ (stealth).
  1740 | D:2      | 1740 ||| READING scroll labelled MOIDAJ GISI.
  1741 | D:2      | 1741 ||| DRINKING 3 bubbling silvery potions.
  1782 | D:3      | 1782 ||| Stepping ~*~*~tactically~*~*~ (hiding).
  1805 | D:3      | HP: 5/28 [orc priest/+0 whip (5)]
  1806 | D:3      | Reached skill level 4 in Axes
  1806 | D:3      | 1806 ||| READING 2 scrolls of teleportation.
  1807 | D:3      | 1807 ||| DRINKING 2 potions of heal wounds.
  1810 | D:3      | Reached XP level 5. HP: 16/32 MP: 5/5
  1896 | D:3      | 1896 ||| Stepping ~*~*~tactically~*~*~ (stealth).
  1898 | D:3      | 1898 ||| Stepping ~*~*~tactically~*~*~ (stealth).
  1914 | D:3      | 1914 ||| Stepping ~*~*~tactically~*~*~ (stealth).
  1954 | D:3      | 1954 ||| Stepping ~*~*~tactically~*~*~ (stealth).
  1955 | D:3      | 1955 ||| Stepping ~*~*~tactically~*~*~ (stealth).
  1956 | D:3      | 1956 ||| Stepping ~*~*~tactically~*~*~ (stealth).
  1976 | D:3      | 1976 ||| Stepping ~*~*~tactically~*~*~ (stealth).
  1984 | D:3      | 1984 ||| DROPPING +0 club.
  2168 | D:3      | 2168 ||| UPGRADING to +0 helmet.
  2187 | D:3      | 2187 ||| DROPPING +0 whip.
  2192 | D:3      | 2192 ||| Stepping ~*~*~tactically~*~*~ (stealth).
  2205 | D:3      | Killed from afar by an orc priest

Levels and vault maps discovered:
D:1:      lemuel_arrival_muddy, layout_loops_ring
D:2:      minmay_angry_zag, layout_basic, roderic_roman_lattice, minmay_tripent
D:3:      cheibrodos_pilgrimage, layout_rooms, serial_co_window_serial,
          co_window_cross_1, co_window_corner_a, co_window_paths_b,
          co_window_cross_1, co_window_paths_a, co_window_paths_a,
          co_window_paths_a, co_window_of_opportunity_c, co_window_corner_b,
          co_window_2corner, co_window_2corner, glass_columns_c,
          glass_columns_c, glass_columns_c, glass_columns_b, minmay_circle_x

Skill      XL: |  1  2  3  4 |
---------------+-------------+-----
Axes           | 2 3 4 |  4.9
Fighting       | |  3.2
Armour         | |  3.2
Shields        | |  3.2

Action                     |  1- 3 |  4- 6 || total
---------------------------+-------+-------++-------
  Melee: War axe           |    91 |    81 ||   172
  Throw: Boomerang         |       |    13 ||    13
    Use: Scroll            |     4 |     2 ||     6
         Potion            |     1 |     2 ||     3
 Armour: Scale mail        |    13 |       ||    13
         Chain mail        |    47 |    40 ||    87
  Dodge: Dodged            |    46 |    28 ||    74
  Block: Buckler           |    22 |    14 ||    36

Table legend:
 A = Non-vault XP
 B = Vault XP
 C = Vault XP percentage of total XP
 D = Non-vault monster count
 E = Vault monster count
 F = Vault count percentage of total count
                 A         B        C        D         E       F
            +---------+---------+-------+---------+---------+-------
      Total |     107 |     119 |  52.7 |      36 |      20 |  35.7
            +---------+---------+-------+---------+---------+-------
        D:1 |      17 |       0 |   0.0 |      10 |       0 |   0.0
        D:2 |      61 |      14 |  18.7 |      13 |       9 |  40.9
        D:3 |      29 |     105 |  78.4 |      13 |      11 |  45.8
            +---------+---------+-------+---------+---------+-------
